 Dungeon Crawl Stone Soup version 0.21-a0-538-gd16b88a (webtiles) character file.

956 slep the Chopper (level 8, -2/67 HPs)
             Began as a Formicid Gladiator on Dec 17, 2017.
             Was an Initiate of Okawaru.
             Shot with an arrow by a centaur (6 damage)
             ... on level 6 of the Dungeon.
             The game lasted 00:14:51 (3980 turns).

slep the Chopper (Formicid Gladiator)               Turns: 3980, Time: 00:14:52

Health: -2/67      AC:  4    Str: 19    XL:     8   Next: 36%
Magic:  2/2        EV: 17    Int:  8    God:    Okawaru [......]
Gold:   174        SH:  3    Dex: 16    Spells: 7/7 levels left

rFire    . . .     SeeInvis +   p - +2 hand axe (antimagic)
rCold    + . .     Gourm    .   (no shield)
rNeg     . . .     Faith    .   g - +1 leather armour of the Heron {rElec rC+ Dex+2}
rPois    .         Spirit   .   (helmet unavailable)
rElec    +         Reflect  +   (no cloak)
rCorr    .         Harm     .   (no gloves)
MR       +....                  (no boots)
Stlth    ++........             i - +3 amulet of reflection
HPRegen  0.21/turn              v - +3 ring of evasion
MPRegen  0.08/turn              y - ring of protection from magic

@: starving
A: permanent stasis, dig shafts and tunnels, four strong arms, antennae 3,
mutation resistance 1, robust 1
a: Dig, Shaft Self, Renounce Religion


You were on level 6 of the Dungeon.
You worshipped Okawaru.
Okawaru was noncommittal.
You were starving.

You visited 1 branch of the dungeon, and saw 8 of its levels.

You collected 174 gold pieces.

Inventory:

Hand Weapons
 a - a +0 war axe
 p - a +2 antimagic hand axe (weapon)
Missiles
 c - 2 throwing nets (quivered)
Armour
 b - a +0 leather armour
 g - the +1 leather armour of the Heron (worn) {rElec rC+ Dex+2}
   (You found it on level 5 of the Dungeon)

   It affects your dexterity (+2).
   It protects you from cold.
   It insulates you from electricity.
 o - a +1 leather armour of poison resistance
Jewellery
 i - a +3 amulet of reflection (around neck)
 v - a +3 ring of evasion (left hand)
 y - a ring of protection from magic (right hand)
Wands
 l - a wand of scattershot (3)
 w - a wand of iceblast (10)
Scrolls
 e - 6 scrolls of identify {unknown}
 f - 2 scrolls of fog {unknown}
 n - 3 scrolls of teleportation {unknown}
 r - 2 scrolls of immolation {unknown}
 t - 2 scrolls of blinking {unknown}
 u - 2 scrolls of remove curse {unknown}
Potions
 h - 2 potions of curing
 j - 2 potions of haste
 x - a potion of lignification {unknown}
 A - a potion of ambrosia {unknown}
 B - 2 potions of flight {unknown}
Comestibles
 d - 3 bread rations
 q - 4 meat rations
 s - 3 royal jellies


   Skills:
 + Level 4.7 Fighting
 + Level 6.6 Axes
 + Level 2.1 Throwing
 + Level 3.1 Armour
 + Level 4.6 Dodging
 + Level 2.3 Stealth


You had 7 spell levels left.
You didn't know any spells.

Dungeon Overview and Level Annotations

Branches:
Dungeon (8/15)
 Temple: D:4-7         Lair: D:8-11

Altars:
Dithmenos
Nemelex Xobeh
Okawaru
Xom


Innate Abilities, Weirdness & Mutations

You cannot be hasted, slowed, berserked, paralysed or teleported.
You can dig through walls and to a lower floor.
Your four strong arms can wield two-handed weapons with a shield.
You have a pair of large antennae on your head. (SInv)
You are somewhat resistant to further mutation.
You are robust. (+10% HP)


Message History

The orc priest looks satisfied for a moment.
The bullfrog struggles against the net. x2
The net rips apart, and the bullfrog comes free!
The orc priest miscasts a cantrip.
The centaur shoots an arrow.
You reflect the arrow off an invisible shield around you!
The arrow hits the centaur but does no damage.
The bullfrog hits you but does no damage.
The bullfrog barely misses you. The bullfrog closely misses you.
The bullfrog hits you.
* * * LOW HITPOINT WARNING * * *
The centaur shoots an arrow.
The arrow barely misses you. The bullfrog closely misses you.
There is a stone staircase leading up here.
The centaur shoots an arrow.
The arrow barely misses you. The bullfrog hits you.
* * * LOW HITPOINT WARNING * * *
The centaur shoots an arrow.
The arrow hits you.
You die...

#################
#.............(.#
#..........F@...#
#...............#
#.......o.......#
#.....o.co......#
#...........>...#
#...###..####.###
#...####'####.###
#.{.#............
#{..#............
..


You could see an orc warrior, a bullfrog, a centaur, an orc priest and an orc.

Vanquished Creatures
  The ghost of handsome the Cutter, a novice DsGl of Xom (D:5)
  An ogre (D:4)
  A phantom (D:4)
  A howler monkey (D:7)
  2 hounds
  An orc priest (D:3)
  An orc wizard (D:3)
  A bullfrog skeleton (D:4)
  A centaur skeleton (D:4)
  2 iguanas
  Ijyb (D:4)
  A worker ant (D:4)
  A hound zombie (D:5)
  3 gnolls (D:4)
  7 adders
  An ooze (D:4)
  A worm (D:2)
  4 dart slugs
  3 leopard geckos
  12 orcs
  4 giant cockroaches
  9 goblins
  6 hobgoblins
  3 kobolds
  2 quokkas
  A ball python (D:3)
  4 bats
  7 frilled lizards
  5 rats
87 creatures vanquished.

Notes
Turn   | Place    | Note
-------+----------+-------------------------------------------
     0 | D:1      | slep the Formicid Gladiator began the quest for the Orb.
     0 | D:1      | Reached XP level 1. HP: 16/16 MP: 1/1
    83 | D:1      | Reached XP level 2. HP: 17/23 MP: 2/2
   437 | D:1      | Reached XP level 3. HP: 12/28 MP: 3/3
   632 | D:2      | Reached skill level 1 in Armour
   799 | D:2      | Reached XP level 4. HP: 23/34 MP: 4/4
   825 | D:2      | Found a faded altar of an unknown god.
  1357 | D:3      | Reached skill level 4 in Axes
  1357 | D:3      | Reached XP level 5. HP: 34/40 MP: 5/5
  1831 | D:3      | Reached skill level 1 in Stealth
  2311 | D:4      | Noticed Ijyb
  2317 | D:4      | Killed Ijyb
  2317 | D:4      | Reached XP level 6. HP: 42/47 MP: 2/6
  2399 | D:4      | Noticed a phantom
  2424 | D:4      | Killed a phantom
  2545 | D:4      | Reached XP level 7. HP: 23/53 MP: 2/7
  2601 | D:4      | Reached skill level 5 in Axes
  2988 | D:5      | Entered Level 5 of the Dungeon
  3061 | D:5      | Noticed handsome's ghost (novice DsGl)
  3072 | D:5      | Gained mutation: You are robust. (+10% HP) [potion of mutation]
  3072 | D:5      | Gained mutation: You are somewhat resistant to further mutation. [potion of mutation]
  3088 | D:5      | Killed handsome's ghost
  3088 | D:5      | Reached skill level 6 in Axes
  3088 | D:5      | Reached XP level 8. HP: 18/67 MP: 2/8
  3275 | D:5      | Got a pitted leather armour
  3286 | D:5      | Identified the +1 leather armour of the Heron {rElec rC+ Dex+2} (You found it on level 5 of the Dungeon)
  3310 | D:5      | Found a sparkling altar of Nemelex Xobeh.
  3311 | D:5      | Found an iron altar of Okawaru.
  3311 | D:5      | Found a shadowy altar of Dithmenos.
  3312 | D:5      | Found a shimmering altar of Xom.
  3316 | D:5      | Became a worshipper of Warmaster Okawaru
  3980 | D:6      | Shot with an arrow by a centaur

Vault maps used:
D:1:      saegor_arrival_simple_c
D:2:      chequers_ecumenical_altar_twisty
D:4:      corexii_leaking_fountain, uniq_ijyb
D:5:      chequers_temple_overflow_statue_of_worship, first_bread
D:6:      serial_shops, shop
D:7:      minmay_temple_entry_statues_pillars

Skill      XL: |  1  2  3  4  5  6  7 |
---------------+----------------------+-----
Dodging        | 3 4 |  4.6
Armour         | 1 2 3 |  3.1
Axes           | 4 6 |  6.6
Stealth        | 1 2 |  2.3
Fighting       | 3 4 |  4.7
Throwing       | |  2.1

Action                   |  1- 3 |  4- 6 |  7- 9 || total
-------------------------+-------+-------+-------++-------
Melee: War axe           |    73 |    84 |       ||   157
       Hand axe          |       |    72 |   110 ||   182
Throw: Throwing net      |       |       |     1 ||     1
  Use: Potion            |       |       |     5 ||     5
 Stab: Invisible         |       |       |     2 ||     2
       Sleeping          |       |       |     2 ||     2
  Eat: Chunk             |       |     6 |     2 ||     8
Armor: Leather armour    |    13 |    32 |    18 ||    63
Dodge: Dodged            |    45 |   100 |   102 ||   247
Block: Other             |     5 |    29 |    17 ||    51
       Reflection        |       |       |     1 ||     1

Table legend:
 A = Spawn XP
 B = Non-spawn XP
 C = Spawn XP percentage of total XP
 D = Spawn monster count
 E = Non-spawn monster count
 F = Spawn count percentage of total count
 G = Total turns spent on level
                    A         B        C        D         E        F      G
               +---------+---------+-------+---------+---------+-------+---------
         Total |       0 |    1366 |   0.0 |       0 |      87 |   0.0 |  3980
               +---------+---------+-------+---------+---------+-------+---------
           D:1 |       0 |      30 |   0.0 |       0 |      14 |   0.0 |   496
           D:2 |       0 |      85 |   0.0 |       0 |      27 |   0.0 |   726
           D:3 |       0 |     139 |   0.0 |       0 |      20 |   0.0 |  1078
           D:4 |       0 |     536 |   0.0 |       0 |      18 |   0.0 |   688
           D:5 |       0 |     457 |   0.0 |       0 |       4 |   0.0 |   777
           D:6 |       0 |      13 |   0.0 |       0 |       1 |   0.0 |   115
           D:7 |       0 |     106 |   0.0 |       0 |       3 |   0.0 |    75
               +---------+---------+-------+---------+---------+-------+---------
